Map: 16-Bit LE

Players

невидимка

  • Race: Zerg Zerg
  • League: Diamond
  • Spawn Location: 7:00

Must - Winner!

  • Race: Zerg Zerg
  • League: Platinum
  • Spawn Location: 1:00

VOD

Have the link to the VOD?

Description

Time

  • Played on: July 27, 2018, 8:28 a.m.
  • Length: 11:23
Show
View Real Time Build Order
Export as new Build Order

невидимка Zerg 

Build Orders: Hatch First 

Get SALT Encoding   

  12  0:03  Drone  
  13  0:08  Drone  
  13  0:14  Extractor  
  13  0:15  Drone  
  15  0:44  Hatchery  
  15  0:48  Extractor  
  13  0:59  Spawning Pool  
  13  1:00  Drone  
  13  1:04  Drone  
  14  1:17  Overlord  
  14  1:36  Drone x2  
  16  1:40  Drone  
  17  1:50  Metabolic Boost  
  17  1:57  Drone  
  17  1:58  Queen  
  20  2:04  Overlord  
  20  2:13  Zergling x2  
  21  2:19  Zergling x6  
  24  2:26  Zergling x2  
  25  2:41  Zergling x6  
  25  2:42  Overlord  
  28  2:55  Zergling x4  
  30  3:18  Zergling x4  
  30  3:19  Zergling x8  
  36  3:42  Zergling x2  
  36  3:43  Zergling x6  
  32  4:08  Zergling x12  
  32  4:09  Zergling x4  
  32  4:32  Queen  
  32  4:34  Zergling x2  
  32  4:35  Zergling x6  
  32  4:38  Overlord  
  38  5:03  Zergling x12  
  36  5:45  Roach Warren  
  32  5:59  Drone  
  32  6:00  Drone x9  
  42  6:15  Hatchery  
  38  6:28  Roach x3  
  38  6:30  Overlord x3  
  44  6:46  Overlord  
  44  6:49  Drone x2  
  44  6:50  Drone  
  47  6:54  Extractor  
  47  6:56  Extractor  
  47  6:58  Lair  
  45  7:01  Extractor  
  45  7:04  Roach  
  45  7:05  Roach x5  
  56  7:12  Baneling Nest  
  56  7:14  Overlord  
  55  7:28  Drone  
  55  7:29  Drone x5  
  62  7:44  Drone x5  
  66  7:59  Ravager x4  
  70  8:16  Evolution Chamber  
  70  8:18  Drone x5  
  70  8:19  Evolution Chamber, Drone x6  
  79  8:26  Queen  
  66  8:57  Spore Crawler  
  66  8:59  Spore Crawler  
  66  9:00  Spore Crawler  
  66  9:02  Spore Crawler  
  47  9:03  Spore Crawler  
  47  9:04  Spore Crawler  
  47  9:06  Spore Crawler x2  
  47  9:07  Spore Crawler  
  47  9:08  Hydralisk Den  
  41  9:13  Spore Crawler x2  
  41  9:14  Spore Crawler  
  38  9:17  Spore Crawler  
  38  9:18  Zergling x6  
  25  9:33  Zergling x4  
  25  9:34  Zergling x6  
  30  9:42  Baneling  
  27  9:45  Zergling x2  
  27  9:46  Zergling x2  
  28  10:20  Zergling x2  
  28  10:21  Zergling x14  
  30  10:33  Hydralisk  
  32  10:37  Hydralisk  
  29  10:50  Baneling x2  
  29  10:51  Baneling x4  
Show
View Real Time Build Order
Export as new Build Order

Must Zerg - Winner!

Build Orders: Hatch First 

Get SALT Encoding   

  12  0:01  Drone  
  13  0:12  Overlord  
  13  0:17  Drone  
  14  0:31  Drone x2  
  14  0:35  Drone  
  17  0:56  Hatchery  
  16  0:57  Drone  
  17  1:12  Spawning Pool  
  17  1:14  Drone  
  17  1:17  Drone  
  18  1:20  Drone  
  19  1:29  Extractor  
  19  1:30  Drone  
  19  1:43  Overlord  
  19  1:49  Drone  
  20  1:59  Queen  
  22  2:09  Queen  
  22  2:11  Zergling x2  
  22  2:12  Zergling x2  
  22  2:14  Drone  
  27  2:22  Drone  
  28  2:23  Drone  
  29  2:49  Lair  
  29  2:52  Drone x4  
  29  2:57  Baneling Nest  
  32  3:01  Overlord  
  32  3:02  Evolution Chamber, Drone  
  32  3:03  Drone  
  33  3:06  Overlord  
  32  3:19  Overlord  
  32  3:20  Zergling x8  
  32  3:24  Zergling x2  
  37  3:28  Zergling x4  
  37  3:45  Zergling x8  
  37  3:51  Zergling x10  
  42  3:57  Zergling x4  
  43  4:07  Zergling x6  
  37  4:30  Queen  
  37  4:31  Queen, Zergling x2  
  41  4:32  Zergling x6  
  45  4:42  Metabolic Boost  
  45  4:45  Zergling x4  
  47  4:53  Spine Crawler  
  44  5:05  Zergling x8  
  44  5:13  Queen  
  43  5:19  Zergling x2  
  43  5:20  Zergling x4  
  46  5:28  Zergling x2  
  46  5:29  Queen  
  47  5:40  Zergling x8  
  50  5:52  Spire  
  49  6:12  Zergling x2  
  49  6:13  Drone  
  49  6:14  Overlord x2  
  51  6:36  Drone x8  
  51  6:37  Drone  
  60  6:44  Drone  
  61  6:52  Extractor  
  60  7:28  Drone x7  
  60  7:29  Drone  
  67  7:32  Extractor x2  
  67  7:34  Baneling Nest  
  67  7:35  Spine Crawler  
  63  7:39  Spine Crawler  
  62  7:48  Overlord x3  
  62  7:49  Hatchery  
  61  8:01  Mutalisk x3  
  67  8:07  Mutalisk x3  
  67  8:08  Drone  
  67  8:09  Drone  
  75  8:20  Mutalisk  
  77  8:28  Drone x2  
  77  8:29  Mutalisk, Drone x2  
  83  8:40  Drone  
  84  8:42  Overlord  
  83  8:53  Mutalisk x2  
  76  8:56  Drone x5  
  79  9:07  Mutalisk  
  79  9:08  Zergling x6  
  82  9:31  Zergling x12  
  82  9:32  Zergling x4  
  88  9:42  Mutalisk  
  89  9:52  Zergling x6  
  87  10:02  Zergling x4  
  87  10:03  Zergling x2  
  82  10:20  Zergling x10  
  81  10:26  Mutalisk x5  
  91  10:35  Drone x4  
  92  10:52  Mutalisk x3  
  92  10:54  Overlord x4  
  92  10:55  Overlord  
  98  11:06  Hatchery  
Tags
 
Add a new tag
Caveats
  • Supply blocks, unpowered buildings, or Contaminate may cause inaccurate times.
  • Supply counts are checked every 10 seconds.